 Dungeon Crawl Stone Soup version 0.29-a0-218-gf2abdc9806 (webtiles) character file.

Game seed: 2573647996226567349

143 Colgate the Conjurer (level 5, -1/35 HPs)
             Began as a Demonspawn Conjurer on Feb 25, 2022.
             Was a Believer of Sif Muna.
             Killed from afar by Ijyb (17 damage)
             ... with an iceblast
             ... on level 3 of the Dungeon.
             The game lasted 00:08:12 (3472 turns).

Colgate the Conjurer (Demonspawn Conjurer)          Turns: 3472, Time: 00:08:13

Health: -1/35      AC:  4    Str:  8    XL:     5   Next: 4%
Magic:  8/8        EV: 16    Int: 21    God:    Sif Muna [**....]
Gold:   181        SH:  0    Dex: 11    Spells: 5/8 levels left

rFire   . . .      SeeInvis .   h - +2 dagger (venom)
rCold   . . .      Faith    .   (no shield)
rNeg    . . .      Spirit   .   a - +0 robe
rPois   .          Reflect  .   (no helmet)
rElec   .          Harm     .   (no cloak)
rCorr   .          Rampage  .   (no gloves)
Will    .....                   (no boots)
Stlth   ++........              (no amulet)
HPRegen 0.11/turn               j - +4 ring of evasion
MPRegen 0.22/turn               (no ring)

@: no status effects
A: molten scales 1, magic regeneration, demonic touch 1
a: Renounce Religion, Channel Magic


You were on level 3 of the Dungeon.
You worshipped Sif Muna.
Sif Muna was pleased with you.
You visited 1 branch of the dungeon, and saw 5 of its levels.

You collected 181 gold pieces.

Inventory:

Hand Weapons
 f - a +0 short sword
 h - a +2 dagger of venom (weapon)
Armour
 a - a +0 robe (worn)
Jewellery
 j - a +4 ring of evasion (left hand)
Scrolls
 b - a scroll of vulnerability {unknown}
 c - 4 scrolls of enchant weapon
 d - a scroll of fog {unknown}
Potions
 e - 2 potions of flight
 i - 2 potions of curing {@q1}


   Skills:
 - Level 1.7 Dodging
 - Level 1.7 Stealth
 - Level 2.0 Spellcasting
 - Level 6.0 Conjurations
 + Level 2.5 Invocations


You had 5 spell levels left.
You knew the following spells:

 Your Spells              Type           Power      Damage    Failure   Level
a - Magic Dart            Conj           100%       1d8       1%          1
b - Searing Ray           Conj           54%        2d6       1%          2

Your spell library contained the following spells:

 Spells                   Type           Power      Damage    Failure   Level
 Dazzling Flash           Conj/Hex       28%        N/A       13%         3
 Stone Arrow              Conj/Erth      28%        3d8       13%         3
 Sandblast                Erth           4%         2d4       14%         1
 Passwall                 Tmut/Erth      1%         N/A       22%         2
 Fulminant Prism          Conj/Hex       7%         3d7       38%         4
 Iskenderun's Mystic Bla  Conj/Tloc      14%        2d5       38%         4
 Petrify                  Tmut/Erth      2%         N/A       82%         4
 Lee's Rapid Deconstruct  Erth           1%         3d5*      99%         5
 Metabolic Englaciation   Hex/Ice        1%         N/A       99%         5
 Statue Form              Tmut/Erth      1%         N/A       100%        6


Dungeon Overview and Level Annotations

Branches:
Dungeon (5/15)
 Temple: D:4-7

Altars:
Nemelex Xobeh
Sif Muna
Yredelemnul

Annotations:
D:3 Ijyb


Innate Abilities, Weirdness & Mutations

You are partially covered in molten scales. (AC +2)
You regenerate magic rapidly.
Your touch may inflict minor irresistible damage on your foes.


Message History

Found a stone staircase leading down.
An adder comes into view.
The adder hisses angrily.
The searing ray hits the adder! (Press . to maintain the ray.)
The adder completely misses you.
The searing ray misses the adder.
The adder bites you.
The searing ray hits the adder!
You kill the adder!
Sif Muna accepts your kill.
You have reached level 5!
HP restored.
Found a war axe.
Found a hand axe.
A bat comes into view.
Casting: Searing Ray (safe; 1% risk of failure)
Aiming: Magic Dart (safe; 1% risk of failure)
Aim: a bat (asleep, 100% to hit)
The magic dart hits the bat.
Casting: Magic Dart (safe; 1% risk of failure)
Aiming: Magic Dart (safe; 1% risk of failure)
Aim: a bat (severely wounded, 100% to hit)
The magic dart hits the bat.
You kill the bat!
Sif Muna accepts your kill.
As you read the scroll labelled COGOIR DEEKHLAY, it crumbles to dust.
It is a scroll of identify.
e - 2 potions of flight
As you read the scroll of identify {@r1}, it crumbles to dust.
i - 2 potions of curing
Found a sparkling altar of Nemelex Xobeh.
Found a basalt altar of Yredelemnul.
Found a stone staircase leading up and a stone staircase leading down.
Ijyb the Twisted Goblin comes into view.
She is wielding a +0 club and carrying a wand of iceblast (9).
Ijyb shouts!
Ijyb screams, "It's all mine!"
Ijyb zaps a wand.
The mass of ice explodes!
The iceblast engulfs you!!
Ouch! That really hurt!
Ijyb zaps a wand.
The mass of ice explodes!
The iceblast engulfs you!
You die...

#..≈≈≈._. #....≈...≈ #..≈.≈≈.≈≈
#..≈...... ###### #..≈≈≈≈.≈≈≈≈.
#####....##### #............
##...........########..≈≈≈≈.≈≈≈≈.
....).............##...≈.......≈.
#.###....####...@.##...≈.≈≈.≈≈.≈.
..# #....## #.....##.....≈...≈...
.## #.....###..........≈≈≈._.≈≈≈.
# #......##......#.............
#....#..#...)..#...##........
#....##..........#g####......
...########....................
#.. #.................... ....
#....................


You could see Ijyb.

Vanquished Creatures
  An iguana (D:4)
  5 adders
  4 dart slugs
  5 endoplasms
  8 goblins
  4 hobgoblins
  2 jackals (D:1)
  4 kobolds
  5 quokkas
  8 ball pythons
  7 bats
  2 frilled lizards (D:1)
  8 rats
63 creatures vanquished.

Notes
Turn   | Place    | Note
-------+----------+-------------------------------------------
     0 | D:1      | Colgate the Demonspawn Conjurer began the quest for the
                  | Orb.
     0 | D:1      | Reached XP level 1. HP: 13/13 MP: 3/3
   222 | D:1      | Gained mutation: You are partially covered in molten
                  | scales. (AC +2) [demonic ancestry]
   222 | D:1      | Reached XP level 2. HP: 19/19 MP: 3/5
   225 | D:1      | Learned a level 2 spell: Searing Ray
   512 | D:1      | Found a faded altar of an unknown god.
   520 | D:1      | Prayed at the altar of an unknown god.
   520 | D:1      | Became a worshipper of Sif Muna the Loreminder
   520 | D:1      | Reached * piety under Sif Muna
   874 | D:1      | Reached skill level 5 in Conjurations
   874 | D:1      | Gained mutation: Your touch may inflict minor irresistible
                  | damage on your foes. [demonic ancestry]
   874 | D:1      | Reached XP level 3. HP: 24/24 MP: 1/6
  2777 | D:3      | You fall into a shaft and drop 2 floors!
  2777 | D:5      | Entered Level 5 of the Dungeon
  2777 | D:5      | Noticed an ice beast
  2788 | D:5      | Gained mutation: You regenerate magic rapidly. [demonic
                  | ancestry]
  2788 | D:5      | Reached XP level 4. HP: 27/30 MP: 2/7
  2874 | D:4      | Reached skill level 6 in Conjurations
  2928 | D:4      | Reached skill level 1 in Invocations
  3011 | D:4      | Reached ** piety under Sif Muna
  3362 | D:3      | Reached XP level 5. HP: 32/35 MP: 3/8
  3436 | D:3      | Found a sparkling altar of Nemelex Xobeh.
  3439 | D:3      | Found a basalt altar of Yredelemnul.
  3455 | D:3      | Noticed Ijyb
  3472 | D:3      | Killed from afar by Ijyb

Illustrated notes

Levels and vault maps discovered:
D:1:      nicolae_arrival_somewhat_less_tricky_arrival, layout_basic,
          shapermc_ecumenical_altar_venn, chequers_serial_rivers_micro_e
D:2:      layout_basic, lemuel_another_geyser
D:3:      layout_rooms, mainiacjoe_overflow_large_starburst, uniq_ijyb
D:4:      layout_basic
D:5:      layout_basic, uniq_menkaure

Skill      XL: |  1  2  3  4 |
---------------+-------------+-----
Conjurations   | 5 6 |  6.0
Invocations    | 2 |  2.5
Dodging        | |  1.7
Stealth        | |  1.7
Spellcasting   | |  2.0

Action                   |  1- 3 |  4- 6 || total
-------------------------+-------+-------++-------
Melee: Unarmed           |     2 |       ||     2
 Cast: Magic Dart        |    56 |    22 ||    78
       Searing Ray       |    14 |     6 ||    20
  Use: Scroll            |     3 |     2 ||     5
Armor: Robe              |     1 |     2 ||     3
Dodge: Dodged            |    10 |     1 ||    11

Table legend: (Time is in decaauts)
 A = Elapsed time spent in this place.
 B = Non-inter-level travel time spent in this place.
 C = Inter-level travel time spent in this place.
 D = Time resting spent in this place.
 E = Time spent auto-exploring this place.
 F = Levels seen in this place.
 G = Mean time per level.
                   A        B        C        D        E       F      G
               +--------+--------+--------+--------+--------+-----+--------+
         Total |   3473 |   3254 |    219 |      0 |   2842 |   5 |  694.6 |
       Dungeon |   3473 |   3254 |    219 |      0 |   2842 |   5 |  694.6 |
               +--------+--------+--------+--------+--------+-----+--------+

Top non-repeatable levels by time:
     D:1: 1578 daAuts
     D:2: 1201 daAuts
     D:4: 374 daAuts
     D:3: 271 daAuts
     D:5: 47 daAuts
